 Dungeon Crawl Stone Soup version 0.21-a0-364-gbd1fde4 (webtiles) character file.

1806 Syneil the Skirmisher (level 9, -8/93 HPs)
             Began as an Ogre Fighter on Oct 14, 2017.
             Was a Believer of Okawaru.
             Mangled by a wight
             ... wielding a +0 morningstar
              (9 damage)
             ... on level 7 of the Dungeon.
             The game lasted 00:14:15 (6490 turns).

Syneil the Skirmisher (Ogre Fighter)                Turns: 6490, Time: 00:14:15

Health: -8/93      AC:  3    Str: 23    XL:     9   Next: 9%
Magic:  11/11      EV:  9    Int: 14    God:    Okawaru [**....]
Gold:   363        SH:  9    Dex:  8    Spells: 8/8 levels left

rFire    . . .     SeeInvis .   a - +1 war axe
rCold    . . .     Gourm    +   c - +0 shield
rNeg     . . .     Faith    .   b - +0 robe
rPois    .         Spirit   .   (helmet restricted)
rElec    .         Reflect  .   (no cloak)
rCorr    .         Harm     .   (gloves unavailable)
MR       .....                  (boots unavailable)
Stlth    +.........             A - amulet of the gourmand
HPRegen  0.25/turn              i - +3 ring of intelligence
MPRegen  0.12/turn              (no ring)

@: drained
A: unfitting armour, tough skin 1
a: Heroism, Renounce Religion


You were on level 7 of the Dungeon.
You worshipped Okawaru.
Okawaru was pleased with you.
You were not hungry.

You visited 2 branches of the dungeon, and saw 8 of its levels.

You collected 363 gold pieces.

Inventory:

Hand Weapons
 a - a +1 war axe (weapon)
 g - a +0 giant spiked club
 x - a +2 trident of venom
Missiles
 h - 24 tomahawks
 n - 13 poisoned needles
 o - 96 stones
 v - 55 sling bullets
 w - 4 javelins (quivered)
 y - 15 bolts
 z - 49 arrows
Armour
 b - a +0 robe (worn)
 c - a +0 shield (worn)
 t - a +0 large shield
Jewellery
 i - a +3 ring of intelligence (left hand)
 m - an uncursed amulet of faith
 A - an amulet of the gourmand (around neck)
Wands
 r - a wand of polymorph (24/24)
 B - a wand of digging (12/24)
Scrolls
 j - a scroll of remove curse
 p - 2 scrolls of teleportation
 u - 2 scrolls of blinking
Potions
 e - 2 potions of invisibility
 l - 3 potions of curing
 q - a potion of magic
 s - 2 potions of lignification
 D - a potion of flight {unknown}
 F - 2 potions of might
Comestibles
 d - 2 meat rations
 f - 3 bread rations
 k - 4 fruits
 E - a royal jelly


   Skills:
 + Level 7.1(6.3) Fighting
 * Level 6.7(5.8) Axes
 + Level 4.0(3.2) Throwing
 + Level 4.9(4.1) Dodging
 + Level 4.8(4.0) Shields
 + Level 3.2(2.5) Invocations


You had 8 spell levels left.
You didn't know any spells.

Dungeon Overview and Level Annotations

Branches:
Dungeon (7/15)             Temple (1/1) D:4

Altars:
Ashenzari
Cheibriados
Dithmenos
Elyvilon
Fedhas
Gozag
Hepliaklqana
Makhleb
Okawaru
Ru
Uskayaw
Vehumet
Wu Jian
Yredelemnul
The Shining One

Shops:
D:5 !


Innate Abilities, Weirdness & Mutations

You are too large for most types of armour.
You have tough skin. (AC +1)


Message History

The wight hits you with a morningstar.
* * * LOW HITPOINT WARNING * * *
You feel drained.
You barely miss the wight.
The wight is almost destroyed.
The wight hits you with a morningstar.
* * * LOW HITPOINT WARNING * * *
You feel drained.
* * * LOW HITPOINT WARNING * * *
You hit the wight.
The wight is almost destroyed.
You block the wight's attack.
You hit the wight but do no damage.
The wight is almost destroyed.
The wight hits you with a morningstar.
* * * LOW HITPOINT WARNING * * *
You closely miss the wight.
The wight is almost destroyed.
The wight hits you with a morningstar!
You die...

#### #.#
#...
.....#######
#.##
#.zzzO...#
#.<.
...#.#####.#
#... #.#
#... #.#
#..#
#####.###
#..#
#.......#
#...
#>###...#
##.# #.#.##
#.#
##.###.##
#.#


You could see 3 wights.

Vanquished Creatures
  A hungry ghost (D:6)
  2 sky beasts
  2 ogres
  2 centaurs (D:5)
  3 bullfrogs
  Blork the orc (D:4)
  2 scorpions
  A wight (D:7)
  2 howler monkeys
  A bullfrog zombie (D:5)
  A quasit (D:6)
  2 centaur zombies
  2 jellies
  A hound (D:7)
  3 orc wizards
  2 orc priests
  4 worker ants
  An iguana (D:4)
  A worker ant zombie (D:5)
  6 adders
  4 gnolls (D:3)
  A shadow imp (D:6)
  A dart slug (D:2)
  4 leopard geckos
  27 orcs
  5 bats
  3 giant cockroaches
  5 goblins
  6 hobgoblins
  6 jackals
  A quokka (D:7)
  4 frilled lizards
  A giant cockroach zombie (D:5)
  3 kobolds
  5 rats
116 creatures vanquished.

Notes
Turn   | Place    | Note
-------+----------+-------------------------------------------
     0 | D:1      | Syneil the Ogre Fighter began the quest for the Orb.
     0 | D:1      | Reached XP level 1. HP: 24/24 MP: 1/1
   200 | D:1      | Reached XP level 2. HP: 31/32 MP: 2/2
   693 | D:2      | Reached XP level 3. HP: 38/40 MP: 3/3
  1276 | D:2      | Reached XP level 4. HP: 49/49 MP: 4/4
  1335 | D:2      | Found a white marble altar of Elyvilon.
  1755 | D:3      | Found a faded altar of an unknown god.
  1919 | D:3      | Reached skill level 1 in Throwing
  1938 | D:3      | Reached XP level 5. HP: 40/55 MP: 5/5
  2439 | D:4      | Reached skill level 5 in Fighting
  2484 | D:4      | Reached XP level 6. HP: 66/66 MP: 6/6
  2651 | D:4      | HP: 2/66 [worker ant (7)]
  2663 | D:4      | HP: 3/66 [poisoned by a worker ant]
  2671 | D:4      | HP: 3/66 [poisoned by a worker ant]
  3264 | D:4      | Found a staircase to the Ecumenical Temple.
  3265 | D:4      | Noticed Blork the orc
  3272 | D:4      | Killed Blork the orc
  3272 | D:4      | Reached XP level 7. HP: 67/72 MP: 7/7
  3278 | Temple   | Entered the Ecumenical Temple
  3462 | Temple   | Became a worshipper of Warmaster Okawaru
  3558 | D:5      | Entered Level 5 of the Dungeon
  3981 | D:5      | Found a radiant altar of Vehumet.
  4113 | D:5      | Reached skill level 5 in Axes
  4113 | D:5      | Reached skill level 1 in Invocations
  4444 | D:5      | Reached skill level 6 in Fighting
  4734 | D:5      | Reached * piety under Okawaru
  4759 | D:5      | Found Rapremar's Distillery.
  4764 | D:5      | Reached XP level 8. HP: 76/83 MP: 9/9
  6392 | D:7      | Reached ** piety under Okawaru
  6392 | D:7      | Reached skill level 7 in Fighting
  6392 | D:7      | Reached XP level 9. HP: 34/93 MP: 11/11
  6487 | D:7      | HP: 4/93 [wight/morningstar (4)]
  6489 | D:7      | HP: 1/93 [wight/morningstar (2)]
  6490 | D:7      | Mangled by a wight

Vault maps used:
D:1:      dpeg_arrival_tiny_a
D:2:      elyvilon_altar_1
D:3:      chequers_ecumenical_altar_simple_redux
D:4:      temple_green, kennysheep_boxes, uniq_blork_the_orc
D:5:      vehumet_crystals, serial_shops, nicolae_shop_crystal, first_bread
D:6:      hex_tiny, minmay_misc_feat_five
D:7:      lemuel_doored_altar, nicolae_ossuary_entry_catacombs, serial_shops,
          nicolae_shop_statue_plus, basic_altar, minmay_curled_crystal
Temple:   nicolae_temple_figure_eight

Skill      XL: |  1  2  3  4  5  6  7  8  9 |
---------------+----------------------------+-----
Shields        | 3 4 |  4.8
Dodging        | 3 4 |  4.9
Axes           | 3 4 5 6 |  6.7
Throwing       | 1 2 3 4 |  4.0
Fighting       | 5 6 7 |  7.1
Invocations    | 1 3 |  3.2

Action                   |  1- 3 |  4- 6 |  7- 9 || total
-------------------------+-------+-------+-------++-------
Melee: War axe           |    72 |   106 |   269 ||   447
Throw: Javelin           |     6 |    12 |    10 ||    28
       Stone             |       |     3 |       ||     3
       Tomahawk          |       |     2 |     1 ||     3
Invok: Heroism           |       |       |     1 ||     1
  Use: Scroll            |     7 |     5 |     3 ||    15
       Potion            |     1 |     3 |       ||     4
 Stab: Sleeping          |     1 |       |       ||     1
       Invisible         |       |     2 |       ||     2
  Eat: Chunk             |     1 |     7 |     8 ||    16
       Bread ration      |       |       |     1 ||     1
       Royal jelly       |       |       |     1 ||     1
Armor: Robe              |    18 |    20 |    62 ||   100
Dodge: Dodged            |    23 |    41 |    98 ||   162
Block: Shield            |    33 |    40 |   132 ||   205

Table legend:
 A = Spawn XP
 B = Non-spawn XP
 C = Spawn XP percentage of total XP
 D = Spawn monster count
 E = Non-spawn monster count
 F = Spawn count percentage of total count
 G = Total turns spent on level
                    A         B        C        D         E        F      G
               +---------+---------+-------+---------+---------+-------+---------
         Total |       0 |    2580 |   0.0 |       0 |     116 |   0.0 |  6490
               +---------+---------+-------+---------+---------+-------+---------
           D:1 |       0 |      31 |   0.0 |       0 |      17 |   0.0 |   624
           D:2 |       0 |      60 |   0.0 |       0 |      12 |   0.0 |   989
           D:3 |       0 |     141 |   0.0 |       0 |      21 |   0.0 |   807
           D:4 |       0 |     434 |   0.0 |       0 |      13 |   0.0 |   955
           D:5 |       0 |     671 |   0.0 |       0 |      19 |   0.0 |  1419
           D:6 |       0 |     804 |   0.0 |       0 |      27 |   0.0 |  1176
           D:7 |       0 |     439 |   0.0 |       0 |       7 |   0.0 |   318
               +---------+---------+-------+---------+---------+-------+---------
